 Dungeon Crawl Stone Soup version 0.29-a0-1047-g7c58e119a4 (webtiles) character file.

Game seed: 9492507509717478972

24346 Newt the Prestidigitator (level 12, 0/92 HPs)
             Began as a Demonspawn Gladiator on Aug 16, 2022.
             Was a High Priest of Okawaru.
             Slain by a freezing wraith (10 damage)
             ... on level 15 of the Dungeon.
             The game lasted 00:48:17 (20163 turns).

Newt the Prestidigitator (Demonspawn Gladiator)    Turns: 20163, Time: 00:48:17

Health: 0/92       AC: 23    Str: 17    XL:     12   Next: 79%
Magic:  18/18      EV: 10    Int: 10    God:    Okawaru [*****.]
Gold:   1521       SH:  4    Dex: 23    Spells: 11/11 levels left

rFire   . . .      SeeInvis .   s - +6 dagger (venom)
rCold   . . .      Faith    .   (no shield)
rNeg    . . .      Spirit   .   y - +4 chain mail of the Will of the Gods {rElec Slay+2}
rPois   .          Reflect  .   c - +0 helmet
rElec   +          Harm     .   O - +2 cloak
rCorr   .          Rampage  .   (gloves unavailable)
Will    +....                   v - +0 pair of boots
Stlth   ++++......              k - amulet of regeneration
HPRegen 1.05/turn               b - ring of willpower
MPRegen 0.16/turn               Q - +4 ring of protection

@: slowed, very slow
A: claws 3, thin skeletal structure 2, foul stench 1, condensation shield, agile
1
a: Renounce Religion, Heroism, Finesse, Duel


You were on level 15 of the Dungeon.
You worshipped Okawaru.
Okawaru was extremely pleased with you.
You visited 2 branches of the dungeon, and saw 16 of its levels.
You also visited: Sewer.

You collected 1563 gold pieces.
You spent 42 gold pieces at shops.

Inventory:

Hand Weapons
 s - a +6 dagger of venom (weapon)
 V - a +2 short sword of freezing
 Z - a +1 short sword of electrocution
Missiles
 a - 2 silver javelins
 e - 10 javelins
 j - 141 stones
 l - 2 boomerangs of dispersal
 n - 51 poisoned darts (quivered)
 F - 5 curare-tipped darts
 Y - 17 boomerangs
Armour
 c - a +0 helmet (worn)
 h - a +0 troll leather armour
 v - a +0 pair of boots (worn)
 y - the +4 chain mail of the Will of the Gods (worn) {rElec Slay+2}
   (You found it on level 3 of the Dungeon)

   Slay:      It affects your accuracy & damage with ranged weapons and melee
   (+2).
   rElec:     It insulates you from electricity.
 O - a +2 cloak (worn)
 W - +0 steam dragon scales
Jewellery
 b - a ring of willpower (left claw)
 g - a ring of fire
 k - an amulet of regeneration (around neck)
 x - a ring of flight
 M - a ring of ice
 Q - a +4 ring of protection (right claw)
Wands
 q - a wand of mindburst (16)
 I - a wand of roots (9)
 S - a wand of light (9)
Scrolls
 d - a scroll of silence
 m - 8 scrolls of teleportation
 o - 8 scrolls of blinking
 r - 3 scrolls of poison
 w - 3 scrolls of enchant weapon
 A - 4 scrolls of amnesia
 B - 7 scrolls of fog
 J - a scroll of identify
 K - 6 scrolls of fear
 P - a scroll of magic mapping
 R - a scroll of enchant armour
Potions
 f - 2 potions of might
 i - a potion of brilliance
 t - a potion of berserk rage
 u - 3 potions of cancellation
 z - a potion of invisibility
 C - 7 potions of haste
 D - 3 potions of lignification
 E - 4 potions of resistance
 G - a potion of heal wounds
 H - 4 potions of ambrosia
 L - a potion of magic
 N - a potion of mutation
 T - a potion of flight


   Skills:
 - Level 8.0 Fighting
 - Level 8.0 Short Blades
 * Level 9.0 Throwing
 - Level 5.0 Armour
 - Level 5.0 Dodging
 - Level 9.0 Stealth
 - Level 8.0 Invocations
 - Level 10.0 Evocations


You had 11 spell levels left.
You didn't know any spells.
Your spell library contained the following spells:

 Spells                   Type           Power      Damage    Failure   Level
 Sting                    Tmut/Pois      0%         1d3       99%         1
 Poisonous Vapours        Pois/Air       0%         N/A       100%        2
 Scorch                   Fire           0%         2d5       100%        2
 Static Discharge         Conj/Air       0%         3-3/arc   100%        2
 Cause Fear               Hex            0%         N/A       100%        4
 Corpse Rot               Necr/Pois/Air  0%         N/A       100%        4
 Dispel Undead            Necr           0%         3d6       100%        4
 Flame Wave               Conj/Fire      0%         2d4       100%        4
 Olgreb's Toxic Radiance  Pois           0%         N/A       100%        4
 Lightning Bolt           Conj/Air       0%         1d11      100%        5
 Dragon Form              Tmut           0%         N/A       100%        7
 Maxwell's Capacitive Co  Air            0%         ∞         100%        8
 Death Channel            Necr           Unusable   N/A       N/A         6
 Summon Cactus Giant      Summ           Unusable   N/A       N/A         6
 Dragon's Call            Summ           Unusable   N/A       N/A         9

Dungeon Overview and Level Annotations

Branches:
Dungeon (15/15)            Temple (1/1) D:7            Lair (0/5) D:10
    Orc (0/2) D:9          Vaults (0/5) D:13         Depths (0/4) D:15
  Sewer (visited)

Altars:
Ashenzari
Cheibriados
Dithmenos
Fedhas
Gozag
Hepliaklqana
Kikubaaqudgha
Makhleb
Nemelex Xobeh
Okawaru
Qazlal
Ru
Sif Muna
Trog
Uskayaw
Vehumet
Wu Jian
Xom
Yredelemnul

Shops:
D:3 *

Annotations:
D:6 2 runed translucent doors, hgbash's ghost, novice MiBe
D:13 3 runed translucent doors, Newt's ghost, journeyman DsGl


Innate Abilities, Weirdness & Mutations

You have claws for hands.
You have a moderately thin skeletal structure. (Dex +4, Stealth++)
You may rarely emit foul miasma when damaged in melee.
A meltable shield of frost defends you. (SH +4)
You are agile. (Dex +4, Str/Int -1)


Message History

You throw a javelin.
The javelin pierces through the freezing wraith but does no damage.
The freezing wraith is severely damaged.
The freezing wraith hits you but does no damage.
The freezing wraith hits you. The freezing wraith drains your vigour!
You feel as though you will be slow longer.
You block the freezing wraith's attack. x2
Throw: 12 javelins
Press: ? - help, Shift-Dir - straight line, f/p - freezing wraith
Aim: a freezing wraith (severely damaged, 72% to hit)
You throw a javelin.
The javelin barely misses the freezing wraith.
The freezing wraith hits you but does no damage.
The freezing wraith barely misses you.
Throw: 11 javelins
Press: ? - help, Shift-Dir - straight line, f/p - freezing wraith
Aim: a freezing wraith (severely damaged, 72% to hit)
You throw a javelin.
The javelin pierces through the freezing wraith but does no damage.
The freezing wraith is severely damaged.
The freezing wraith hits you but does no damage.
The freezing wraith barely misses you. The freezing wraith hits you!
* * * LOW HITPOINT WARNING * * *
The freezing wraith freezes you!
* * * LOW HITPOINT WARNING * * *
The freezing wraith misses you.
Aiming: Throw Flame
Press: ? - help, Q - select action, (/) - cycle Shift-Dir - straight line, f/p - freezing wraith
Aim: a freezing wraith (severely damaged, 78% to hit)
The puff of flame hits the freezing wraith.
The freezing wraith is severely damaged.
The now-empty wand crumbles to dust.
The freezing wraith hits you but does no damage.
The freezing wraith closely misses you.
You hit the freezing wraith.
The freezing wraith is severely damaged.
The freezing wraith hits you!
* * * LOW HITPOINT WARNING * * *
The freezing wraith freezes you!
You die...

,,,,,,,,*,* *##.#*,,,,,,,,
****,**,*,* *.#*,,,,,,,,
****+**,*.#########***,#*,**+*,,,
,,,,,,,,*(((.......,,,,,*,**,**,*
,,,,,,,,*.........##**,,*,,,,**,*
,,,,,,,,+.........',,,,,*,,,,,,,*
,,,,,,,**.....!...####*,*,,,,****
,,,,,,,**......W.....#,,*,,,,,,,*
,,,*********####@....#,**,,,,,*,*
,,,,,,,* #........#,,,,,,,,,,,
**,,,,,* #...<....####*,,,**,*
*,,,,,* #......#....#.,,,+,,*
******* #......#......,,,****
#......#.....♣*,,*
#............♣,,**
#..............,*
####.#.......#.#*


You could see a freezing wraith.

Vanquished Creatures
  Nessos (D:14)
  A yaktaur captain (D:13)
  A hydra (D:14)
  3 centaur warriors
  2 two-headed ogres (D:9)
  Nergalle (D:12)
  Lodul (D:9)
  Pikel (D:5)
  A deep elf pyromancer (D:15)
  9 ugly things
  3 cyclopes
  3 manticores
  Joseph (D:7)
  A gargoyle (D:14)
  An unseen horror (D:11)
  2 efreet
  2 yaktaurs (D:13)
  A queen bee (shapeshifter) (D:13)
  2 trolls
  A hornet (D:9)
  Prince Ribbit (D:7)
  A dream sheep (shapeshifter) (D:14)
  Sigmund (D:2)
  A water elemental (D:10)
  A yak (shapeshifter) (D:14)
  A shadow (D:9)
  2 wraiths
  12 yaks
  3 steam dragons
  5 vampire mosquitoes
  An acid dragon (D:13)
  A water moccasin (D:7)
  6 orc warriors
  2 ice beasts
  A sky beast (D:6)
  6 ogres
  4 centaurs
  7 kobold brigands
  A gnoll sergeant (D:12)
  3 bullfrogs
  4 necrophages
  4 scorpions
  5 wights (D:7)
  4 killer bees (D:7)
  2 centaur zombies (D:7)
  A hound (D:6)
  A human zombie (D:7)
  2 jellies
  Crazy Yiuf (D:6)
  8 orc priests
  Jessica (D:1)
  4 iguanas
  Natasha (thrice) (D:2)
  7 orc wizards
  2 killer bee zombies (D:7)
  A howler monkey zombie (D:7)
  8 gnolls
  10 adders
  6 river rats
  A shadow imp (D:6)
  A white imp (D:7)
  An ufetubus (D:4)
  5 worms
  4 dart slugs
  28 orcs
  6 ball pythons
  11 endoplasms
  4 giant cockroaches
  4 hobgoblins
  5 jackals
  4 quokkas
  4 bats
  A frilled lizard (D:1)
  7 goblins
  22 kobolds
  11 rats
291 creatures vanquished.

Vanquished Creatures (others)
  A centaur warrior (D:15)
  6 fungi
  2 plants (D:13)
  4 toadstools (D:3)
13 creatures vanquished.

Grand Total: 304 creatures vanquished

Notes
Turn   | Place    | Note
-------+----------+-------------------------------------------
     0 | D:1      | Newt the Demonspawn Gladiator began the quest for the Orb.
     0 | D:1      | Reached XP level 1. HP: 16/16 MP: 1/1
   435 | D:1      | Reached skill level 1 in Stealth
   436 | D:1      | Gained mutation: You may rarely emit foul miasma when
                  | damaged in melee. [demonic ancestry]
   436 | D:1      | Reached XP level 2. HP: 20/22 MP: 2/2
   645 | D:1      | Found a faded altar of an unknown god.
  1173 | D:1      | Gained mutation: You have sharp fingernails. [demonic
                  | ancestry]
  1173 | D:1      | Reached XP level 3. HP: 27/27 MP: 3/3
  1429 | D:2      | Noticed Jessica
  1439 | D:1      | Killed Jessica
  1460 | D:1      | Gained mutation: You have very sharp fingernails. [demonic
                  | ancestry]
  1460 | D:1      | Reached XP level 4. HP: 30/33 MP: 4/4
  1675 | D:2      | Noticed Natasha
  1909 | D:2      | Killed Natasha
  2089 | D:2      | Noticed Sigmund
  2103 | D:2      | Killed Sigmund
  2104 | D:2      | Gained mutation: You have a somewhat thin skeletal
                  | structure. (Dex +2, Stealth+) [demonic ancestry]
  2104 | D:2      | Reached XP level 5. HP: 34/38 MP: 5/5
  2104 | D:2      | Gained mutation: You have a moderately thin skeletal
                  | structure. (Dex +4, Stealth++) [demonic ancestry]
  2104 | D:2      | Reached XP level 6. HP: 39/44 MP: 6/6
  2137 | D:2      | Noticed Natasha
  2170 | D:2      | Killed Natasha
  2452 | D:2      | Identified the +1 ring mail "Nedubb" {Harm Rampage rC-}
  2523 | D:2      | Noticed Natasha
  2556 | D:2      | Killed Natasha
  3134 | D:3      | Identified the +4 chain mail of the Will of the Gods {rElec
                  | Slay+2}
  3157 | D:3      | Found Icipev's General Store.
  3166 | D:3      | Found a broken altar of Ashenzari.
  3173 | D:3      | Bought a scroll of teleportation for 42 gold pieces
  3193 | D:3      | Found a stormy altar of Qazlal.
  3844 | D:4      | Found a snail-covered altar of Cheibriados.
  3851 | D:4      | Reached XP level 7. HP: 49/53 MP: 7/7
  4052 | D:4      | Reached skill level 1 in Armour
  4515 | D:4      | Found a hazy altar of Hepliaklqana.
  4804 | D:5      | Entered Level 5 of the Dungeon
  5457 | D:5      | Noticed Pikel
  5479 | D:5      | Killed Pikel
  5480 | D:5      | Reached skill level 5 in Armour
  5480 | D:5      | Gained mutation: You have claws for hands. [demonic
                  | ancestry]
  5480 | D:5      | Reached XP level 8. HP: 39/60 MP: 8/8
  6051 | D:6      | Reached skill level 5 in Throwing
  6159 | D:6      | Found a bloodstained altar of Trog.
  6167 | D:6      | Found a glowing drain.
  6212 | Sewer    | Entered a sewer
  6368 | Sewer    | Reached skill level 1 in Evocations
  6540 | Sewer    | Reached skill level 2 in Evocations
  6548 | Sewer    | Reached skill level 3 in Evocations
  6782 | D:6      | Reached XP level 9. HP: 65/65 MP: 9/9
  6875 | D:6      | Found a runed translucent door.
  6876 | D:6      | Noticed Crazy Yiuf
  7013 | D:6      | Found a large runed translucent door.
  7013 | D:6      | Found a large runed translucent door.
  7017 | D:6      | Noticed hgbash's ghost (novice MiBe)
  7286 | D:6      | Reached skill level 4 in Evocations
  7575 | D:6      | Killed Crazy Yiuf
  7690 | D:7      | Noticed Joseph
  7735 | D:7      | Killed Joseph
  7736 | D:7      | Reached skill level 5 in Evocations
  7830 | D:7      | Noticed Prince Ribbit
  7848 | D:7      | Killed Prince Ribbit
  8131 | D:7      | Reached skill level 5 in Dodging
  8326 | D:7      | Reached skill level 5 in Fighting
  8662 | D:7      | Found a basalt altar of Yredelemnul.
  9228 | D:7      | Found a staircase to the Ecumenical Temple.
  9323 | Temple   | Entered the Ecumenical Temple
  9350 | Temple   | Became a worshipper of Warmaster Okawaru
  9908 | D:8      | Reached XP level 10. HP: 71/76 MP: 10/10
 10408 | D:8      | Reached skill level 5 in Stealth
 10784 | D:9      | Noticed a two-headed ogre
 10802 | D:9      | Killed a two-headed ogre
 10802 | D:9      | Reached * piety under Okawaru
 11423 | D:9      | Noticed a two-headed ogre
 11440 | D:9      | Killed a two-headed ogre
 11440 | D:9      | Reached ** piety under Okawaru
 11642 | D:9      | Identified the +2 robe of the Tuna {Str+3 Dex+4}
 11666 | D:9      | Found an ancient bone altar of Kikubaaqudgha.
 11979 | D:9      | Found a staircase to the Orcish Mines.
 12870 | D:10     | Entered Level 10 of the Dungeon
 13134 | D:10     | Found a staircase to the Lair.
 13195 | D:10     | Noticed Lodul
 13503 | D:9      | Killed Lodul
 13563 | D:9      | Reached *** piety under Okawaru
 13564 | D:9      | Reached XP level 11. HP: 53/81 MP: 11/11
 13850 | D:10     | Found a burning altar of Makhleb.
 14753 | D:11     | Noticed a sea snake
 14770 | D:11     | Found an iron altar of Okawaru.
 14919 | D:11     | Reached skill level 6 in Evocations
 14959 | D:11     | Noticed an orc knight
 15034 | D:10     | HP: 3/81 [drowned by a water elemental (6)]
 15367 | D:11     | Noticed a boulder beetle
 15472 | D:11     | Received a gift from Okawaru
 15556 | D:11     | Gained mutation: You occasionally lose the ability to drink
                  | potions when taking damage. [potion of mutation]
 15556 | D:11     | Gained mutation: You are clumsy. (Dex -2) [potion of
                  | mutation]
 15556 | D:11     | Lost mutation: You occasionally lose the ability to drink
                  | potions when taking damage. [potion of mutation]
 15557 | D:11     | Lost mutation: You are clumsy. (Dex -2) [potion of
                  | mutation]
 15557 | D:11     | Gained mutation: Your spells are a little harder to cast,
                  | but a little more powerful. [potion of mutation]
 15557 | D:11     | Gained mutation: You passively map a small area around you.
                  | [potion of mutation]
 15654 | D:12     | Noticed Nergalle
 15669 | D:12     | Killed Nergalle
 15669 | D:12     | Reached **** piety under Okawaru
 15670 | D:12     | Reached skill level 7 in Evocations
 16000 | D:12     | Reached skill level 8 in Evocations
 16231 | D:12     | Received a gift from Okawaru
 16577 | D:12     | Reached skill level 9 in Evocations
 16831 | D:13     | Found a gate to the Vaults.
 16861 | D:13     | Noticed a yaktaur captain
 16884 | D:13     | HP: 1/81 [yaktaur captain/bolt (34)]
 16980 | D:13     | Killed a yaktaur captain
 16980 | D:13     | Reached ***** piety under Okawaru
 17026 | D:13     | Received a gift from Okawaru
 17115 | D:13     | Reached skill level 10 in Evocations
 17115 | D:13     | Reached skill level 1 in Invocations
 17154 | D:13     | Noticed a centaur warrior
 17158 | D:13     | Killed a centaur warrior
 17158 | D:13     | Received a gift from Okawaru
 17309 | D:13     | Noticed a centaur warrior
 17327 | D:13     | Killed a centaur warrior
 17328 | D:13     | Reached skill level 5 in Invocations
 17328 | D:13     | Gained mutation: A meltable shield of frost defends you.
                  | (SH +4) [demonic ancestry]
 17328 | D:13     | Reached XP level 12. HP: 69/88 MP: 13/15
 17997 | D:13     | Found a runed translucent gate.
 17998 | D:13     | Found a runed translucent gate.
 17999 | D:13     | Found a runed translucent gate.
 18000 | D:13     | Noticed Newt's ghost (journeyman DsGl)
 18111 | D:14     | Noticed Nessos
 18118 | D:14     | Killed Nessos
 18252 | D:14     | Received a gift from Okawaru
 18324 | D:14     | Found a bloodstained altar of Trog.
 18356 | D:14     | Noticed a centaur warrior
 18375 | D:14     | Killed a centaur warrior
 18432 | D:14     | Received a gift from Okawaru
 18552 | D:14     | Received a gift from Okawaru
 18585 | D:15     | Entered Level 15 of the Dungeon
 18599 | D:15     | Noticed a centaur warrior
 19458 | D:14     | Lost mutation: You passively map a small area around you.
                  | [potion of mutation]
 19458 | D:14     | Lost mutation: Your spells are a little harder to cast, but
                  | a little more powerful. [potion of mutation]
 19458 | D:14     | Gained mutation: Potions are less effective at restoring
                  | your health. [potion of mutation]
 19459 | D:14     | Lost mutation: Potions are less effective at restoring your
                  | health. [potion of mutation]
 19459 | D:14     | Gained mutation: You are agile. (Dex +4, Str/Int -1)
                  | [potion of mutation]
 19540 | D:15     | Noticed an eight-headed hydra
 19547 | D:14     | Killed an eight-headed hydra
 19729 | D:15     | HP: 2/91 [fire elemental[a deep elf pyromancer] (6)]
 19848 | D:15     | Killed a centaur warrior
 19904 | D:15     | Noticed an azure jelly
 20163 | D:15     | Slain by a freezing wraith

Illustrated notes

Levels and vault maps discovered:
D:1:      minmay_arrival_four_houses, layout_loops_corners,
          basic_ecumenical_altar
D:2:      layout_rooms, minmay_3d_cube, uniq_sigmund, uniq_natasha, uniq_jessica
D:3:      layout_rooms, mainiacjoe_overflow_large_starburst, serial_curves,
          eino_curves_03, eino_curves_02, serial_shops, shop_fountains,
          chequers_serial_rivers_micro_a, minmay_gold_behind_fungi
D:4:      layout_loops_corners, kennysheep_slug_shrine, marbit_many_paths
D:5:      layout_loops_corners, uniq_pikel
D:6:      layout_loops_ring, mainiacjoe_overflow_tiny_flanked,
          ebering_ghost_disaster_area, portal_sewer_entry_b,
          uniq_crazy_yiuf_cottage
D:7:      layout_basic, lemuel_mausoleum_altar_yredelemnul,
          lemuel_temple_firewalk_a, ebering_dispersal_statue_hall,
          dk_noncrumbling_2, minmay_misc_feat_secret_circle, uniq_joseph,
          uniq_prince_ribbit1
D:8:      layout_loops_corners, kennysheep_diamond
D:9:      layout_long_grid, kiku_gazebo_pond_becter, david_orc_1_choice,
          hangedman_decor_growths
D:10:     layout_rooms, nicolae_overflow_crystal_walls, lair_entry_dummy,
          nicolae_underground_beach, uniq_lodul
D:11:     layout_roguey, special_room [special_room_orc], serial_aquarium,
          aquarium_bridge_square [aquarium_subvault_wall,
          aquarium_subvault_wall, aquarium_subvault_window,
          aquarium_subvault_bridge], aquarium_window_fake, aquarium_window_3,
          aquarium_view_2e, aquarium_view_2c, aquarium_balcony_5a,
          okawaru_trees_2
D:12:     layout_grid_maze, chequers_serial_rivers_micro_e, uniq_nergalle
D:13:     layout_stronghold, david_vaults_2, gammafunk_ghost_nasty_kobolds
D:14:     layout_irregular_city, lemuel_crystal_altar, serial_bayou_crossing,
          uniq_nessos
D:15:     gammafunk_depths_entry_grave, layout_basic, chequers_mini_garden,
          portal_ice_cave_entry_frozen_things
Temple:   nicolae_temple_ecumenical_triangle

Skill      XL: |  1  2  3  4  5  6  7  8  9 10 11 12 |
---------------+-------------------------------------+-----
Short Blades   | 3 6 8 |  8.0
Stealth        | 1 2 4 6 9 |  9.0
Fighting       | 3 4 6 8 |  8.0
Armour         | 5 |  5.0
Throwing       | 3 6 8 9 |  9.0
Evocations     | 3 5 10 | 10.0
Dodging        | 5 |  5.0
Invocations    | 5 8 |  8.0

Action                   |  1- 3 |  4- 6 |  7- 9 | 10-12 || total
-------------------------+-------+-------+-------+-------++-------
Melee: Rapier            |    21 |       |       |       ||    21
       Dagger            |    56 |   188 |   589 |   382 ||  1215
       Punch             |     1 |     1 |    12 |    10 ||    24
       Short sword       |       |       |     9 |   399 ||   408
Throw: Dart              |       |     7 |     4 |    96 ||   107
       Stone             |       |     7 |     3 |     5 ||    15
       Javelin           |       |     1 |     1 |    24 ||    26
       Throwing net      |       |     1 |       |     3 ||     4
Evoke: Wand              |       |       |       |    19 ||    19
  Use: Scroll            |       |     3 |    17 |    22 ||    42
       Potion            |       |       |     1 |    12 ||    13
 Stab: Sleeping          |     3 |     4 |     3 |     3 ||    13
       Held in net/web   |       |     1 |       |       ||     1
       Distracted        |       |     3 |     1 |     1 ||     5
       Invisible         |       |       |       |     1 ||     1
Armor: Leather armour    |    17 |    21 |       |       ||    38
       Ring mail         |       |    13 |       |       ||    13
       Chain mail        |       |    12 |   265 |   457 ||   734
Dodge: Dodged            |    45 |    76 |   162 |   278 ||   561
Block: Other             |       |       |       |    38 ||    38

Table legend: (Time is in decaauts)
 A = Elapsed time spent in this place.
 B = Non-inter-level travel time spent in this place.
 C = Inter-level travel time spent in this place.
 D = Time resting spent in this place.
 E = Time spent auto-exploring this place.
 F = Levels seen in this place.
 G = Mean time per level.
                   A        B        C        D        E       F      G
               +--------+--------+--------+--------+--------+-----+--------+
         Total |  19669 |  18985 |    684 |   5155 |   9861 |  17 | 1157.0 |
       Dungeon |  19080 |  18413 |    667 |   4974 |   9617 |  15 | 1272.0 |
        Temple |     44 |     27 |     17 |      0 |     18 |   1 |   44.0 |
         Sewer |    544 |    544 |      0 |    180 |    226 |   1 |  544.0 |
               +--------+--------+--------+--------+--------+-----+--------+

Top non-repeatable levels by time:
     D:9: 2578 daAuts
     D:1: 1736 daAuts
     D:7: 1668 daAuts
    D:14: 1566 daAuts
     D:6: 1313 daAuts
    D:10: 1300 daAuts
     D:4: 1270 daAuts
    D:13: 1149 daAuts
    D:12: 1132 daAuts
     D:5: 1100 daAuts
     D:8: 1049 daAuts
    D:11: 1040 daAuts
     D:2: 1036 daAuts
     D:3: 694 daAuts
   Sewer: 544 daAuts
